 Dungeon Crawl Stone Soup version 0.31-a0-632-g766dd24fdf (webtiles) character file.

Game seed: 7867803256988502213

285 ytrimaz the Insei (level 6, -10/38 HPs)
             Began as an Octopode Shapeshifter on Aug 25, 2023.
             Killed from afar by Dowan (16 damage)
             ... with a stone arrow
             ... on level 4 of the Dungeon.
             The game lasted 00:02:56 (2338 turns).

ytrimaz the Insei (Octopode Shapeshifter)           Turns: 2338, Time: 00:02:56

Health: -10/38     AC:  1    Str: 14    XL:     6   Next: 29%
Magic:  6/6        EV: 13    Int: 11    God:
Gold:   220        SH:  0    Dex: 14    Spells: 5/5 levels left

rFire   . .          .
                       - Unarmed
rCold   . . .        (no shield)
rNeg    . . .        (helmet currently unavailable)
rPois   .            (no amulet)
rElec   .            (no ring)
rCorr   .            (no ring)
SInv    .            (no ring)
Will    .....        (no ring)
Stlth   ++           (no ring)
HPRegen 0.26/turn    (no ring)
MPRegen 0.10/turn    (no ring)
                     (no ring)

%: no passive effects
@: beast-form
A: beast (slay +2), almost no armour, amphibious, 8 rings, camouflage 1,
gelatinous body 1, (nimble swimmer 1), tentacles
a: Begin Untransformation


You were on level 4 of the Dungeon.
You were a hulking beast.
You visited 1 branch of the dungeon, and saw 4 of its levels.

You collected 220 gold pieces.


Innate Abilities, Weirdness & Mutations

You are a hulking beast.
Your limbs bulge with bestial killing power. (Slay +2)
You cannot wear most types of armour.
You are amphibious.
You can wear up to eight rings at the same time.
Your skin changes colour to match your surroundings (Stealth+).
Your rubbery body absorbs attacks. (AC +1, EV +1)
((You are camouflaged when in or above water. (Stealth+)))
You have tentacles for arms and can constrict up to eight enemies at once.


   Skills:
 - Level 1.0 Fighting
 - Level 2.0 Dodging
 + Level 5.2 Unarmed Combat
 + Level 4.9 Shapeshifting


You had 5 spell levels left.
You didn't know any spells.
Your spell library was empty.

Inventory:

Jewellery
 g - a ring of ice
   (You found it on level 1 of the Dungeon)
Talismans
 b - a beast talisman (active)
 c - a flux talisman
Scrolls
 d - 3 scrolls of fog {unknown}
 e - a scroll of silence {unknown}
 f - a scroll of blinking {unknown}
 h - a scroll of identify {unknown}
 l - a scroll of enchant armour {unknown}
 n - 3 scrolls of teleportation {unknown}
 o - a scroll of brand weapon {unknown}
Potions
 a - a potion of lignification
 i - 2 potions of resistance
 j - 2 potions of enlightenment {unknown}
 k - 2 potions of haste {unknown}
 m - a potion of curing {unknown}
 p - a potion of degeneration {unknown}

Dungeon Overview and Level Annotations

Branches:
Dungeon (4/15) Zot: 21668
 Temple: D:4-7

Altars:
Makhleb

Annotations:
D:4 1 runed translucent door, Dowan; Plaidstone's ghost, amateur DsMo

### #.. #.. #.# #.#
#.# #. #.# #.# #.##.#
#e# #.##.# #h# #.##.#
#.# .
#.##.####.##.... ...
#.#..........# ...
#...#####.#### #..
##......#..######
#..##...###.#..#~~~~~
#..##..## #....+~~~~$
#..#..#####....#~~~W~


You could see Dowan (fast).


Message History

Things that are here:
a +0 short sword; 3 stones; a kobold corpse No target in view!
p - a bubbling cyan potion
There is a stone staircase leading down here.
You see here a +0 ring mail.
An adder comes into view.
An adder is nearby!
An adder is nearby!
An adder is nearby!
The adder hisses angrily.
You tentacle-slap the adder. You grab the adder. You squeeze the adder.
You constrict the adder, but do no damage.
The adder barely misses you.
You bludgeon the adder!
You kill the adder!
No target in view!
Unknown command.
No target in view!
You see here an adder corpse.
Found an escape hatch in the floor.
A quokka comes into view.
A quokka is nearby!
A quokka is nearby!
The quokka closely misses you.
You miss the quokka. Your grab misses the quokka.
Your squeeze misses the quokka. The quokka barely misses you.
You tentacle-slap the quokka. Your grab misses the quokka.
Your tentacle-slap misses the quokka.
You squeeze the quokka.
You kill the quokka!
No target in view!
Found a runed translucent door.
The adder hisses angrily.
You now have 220 gold pieces (gained 16).
Key pressed, stopping explore.
Duvessa and Dowan come into view.
Duvessa shouts!
Dowan shouts!
Duvessa says, "Where magic fails, the sword succeeds!"
You tentacle-slap Duvessa. You grab Duvessa.
You constrict Duvessa, but do no damage.
Duvessa hits you with a +0 short sword. 😕 HP[-5]
You take 5 damage, and now have 28/33 hp.
You tentacle-slap Duvessa but do no damage.
You tentacle-slap Duvessa.
You constrict Duvessa, but do no damage.
Duvessa completely misses you.
Dowan gestures at Duvessa while chanting.
Duvessa seems to speed up. 😕 HP[+1]
You tentacle-slap Duvessa. You squeeze Duvessa. You constrict Duvessa.
Duvessa hits you with a +0 short sword!
Dowan smirks and points a slender finger. 😮 HP[-8]
You take 8 damage, and now have 21/33 hp.
MASSIVE DAMAGE!! (PAUSE)
You tentacle-slap Duvessa but do no damage.
You constrict Duvessa, but do no damage.
Duvessa hits you with a +0 short sword. 😮 HP[-3]
You take 3 damage, and now have 18/33 hp.
You tentacle-slap Duvessa. You squeeze Duvessa, but do no damage.
You constrict Duvessa, but do no damage.
Duvessa hits you with a +0 short sword!
* * * LOW HITPOINT WARNING * * *
Duvessa closely misses you. 😨 HP[-8]
You take 8 damage, and now have 10/33 hp.
MASSIVE DAMAGE!! (PAUSE)
You tentacle-slap Duvessa. You squeeze Duvessa.
You constrict Duvessa, but do no damage.
Duvessa misses you.
You tentacle-slap Duvessa but do no damage.
You constrict Duvessa. Duvessa hits you with a +0 short sword.
* * * LOW HITPOINT WARNING * * *
Duvessa hits you with a +0 short sword.
* * * LOW HITPOINT WARNING * * *
😱 HP[-3]
You take 3 damage, and now have 7/33 hp.
Unknown command.
You tentacle-slap Duvessa. You constrict Duvessa.
You kill Duvessa!
Dowan's eyes darken. "You have made a grave mistake."
Dowan seems to find hidden reserves of power!
Dowan says, "Magic will overcome all!"
Dowan hits you with a +0 dagger.
* * * LOW HITPOINT WARNING * * *
Your Unarmed Combat skill increases to level 5!
You have reached level 6! 😱 HP[-1] MP[+1]
You now have 38 max hp (+5).
Your mp is fully restored (6).
You tentacle-slap Dowan. You grab Dowan. You squeeze Dowan.
You constrict Dowan.
Dowan casts a spell.
Dowan struggles to blink free from constriction.
Unknown command.
You tentacle-slap Dowan. You squeeze Dowan! You constrict Dowan.
Dowan points at you and mumbles some strange words.
The stone arrow hits you!
You die...

Skill      XL: |  1  2  3  4  5 |
---------------+----------------+-----
Unarmed Combat | 4 5 |  5.2
Shapeshifting  | 4 |  4.9
Fighting       | |  1.0
Dodging        | |  2.0

Action                     |  1- 3 |  4- 6 || total
---------------------------+-------+-------++-------
  Melee: Unarmed           |    74 |    43 ||   117
         Constrict         |    20 |    12 ||    32
         Tentacles         |     9 |    13 ||    22
         Punch             |     5 |     4 ||     9
    Use: Potion            |       |     2 ||     2
   Stab: Sleeping          |     6 |     2 ||     8
 Armour: Skin              |     3 |     5 ||     8
  Dodge: Dodged            |    39 |    31 ||    70

Levels and vault maps discovered:
D:1:      mushboom_english_gardens, layout_basic
D:2:      layout_rooms, nicolae_ecumenical_pavilion, basic_altar
D:3:      layout_basic
D:4:      layout_rooms, ebering_ghost_sewer_f, uniq_duvessa

Notes
Turn   | Place    | Note
-------+----------+-------------------------------------------
     0 | D:1      | ytrimaz the Octopode Shapeshifter began the quest for the
                  | Orb.
     0 | D:1      | Reached XP level 1. HP: 13/13 MP: 1/1
     0 | D:1      | magus.rc [v1.9.6]
   302 | D:1      | Reached XP level 2. HP: 15/18 MP: 2/2
   794 | D:2      | Found a faded altar of an unknown god.
   853 | D:2      | Found a burning altar of Makhleb.
   864 | D:2      | Reached XP level 3. HP: 15/23 MP: 3/3
  1230 | D:2      | HP: 4/23 [hobgoblin (4)]
  1330 | D:2      | Reached skill level 4 in Unarmed Combat
  1330 | D:2      | Reached XP level 4. HP: 21/28 MP: 4/4
  1976 | D:4      | Noticed a scorpion
  2006 | D:3      | Killed a scorpion
  2007 | D:3      | Reached skill level 4 in Shapeshifting
  2007 | D:3      | Reached XP level 5. HP: 18/33 MP: 5/5
  2089 | D:3      | HP: 4/33 [gnoll/+0 club (9)]
  2296 | D:4      | Found a runed translucent door.
  2300 | D:4      | Noticed Plaidstone's ghost (amateur DsMo)
  2325 | D:4      | Noticed Duvessa
  2325 | D:4      | Noticed Dowan
  2335 | D:4      | HP: 8/33 [Duvessa/+0 short sword (3)]
  2336 | D:4      | Killed Duvessa
  2337 | D:4      | Reached skill level 5 in Unarmed Combat
  2337 | D:4      | Reached XP level 6. HP: 6/38 MP: 6/6
  2338 | D:4      | Killed from afar by Dowan

Vanquished Creatures
  Duvessa (D:4)
  A scorpion (D:3)
  4 gnolls
  2 adders
  A worm (D:2)
  5 orcs
  5 ball pythons
  4 endoplasms
  3 giant cockroaches
  6 goblins
  4 hobgoblins
  3 jackals (D:2)
  5 quokkas
  3 frilled lizards
  8 kobolds
  5 rats
60 creatures vanquished.

Table legend:
 A = Non-vault XP
 B = Vault XP
 C = Vault XP percentage of total XP
 D = Non-vault monster count
 E = Vault monster count
 F = Vault count percentage of total count
                 A         B        C        D         E       F
            +---------+---------+-------+---------+---------+-------
      Total |     263 |     145 |  35.5 |      59 |       1 |   1.7
            +---------+---------+-------+---------+---------+-------
        D:1 |      27 |       0 |   0.0 |      16 |       0 |   0.0
        D:2 |      64 |       0 |   0.0 |      27 |       0 |   0.0
        D:3 |     142 |       0 |   0.0 |      12 |       0 |   0.0
        D:4 |      30 |     145 |  82.9 |       4 |       1 |  20.0
            +---------+---------+-------+---------+---------+-------

Skill      XL: |  1  2  3  4  5 |
---------------+----------------+-----
Unarmed Combat | 4 5 |  5.2
Shapeshifting  | 4 |  4.9
Fighting       | |  1.0
Dodging        | |  2.0

Action                     |  1- 3 |  4- 6 || total
---------------------------+-------+-------++-------
  Melee: Unarmed           |    74 |    43 ||   117
         Constrict         |    20 |    12 ||    32
         Tentacles         |     9 |    13 ||    22
         Punch             |     5 |     4 ||     9
    Use: Potion            |       |     2 ||     2
   Stab: Sleeping          |     6 |     2 ||     8
 Armour: Skin              |     3 |     5 ||     8
  Dodge: Dodged            |    39 |    31 ||    70

Illustrated notes

Table legend:
 A = Kills in this place as a percentage of kills in the entire game.
 B = Kills by you in this place as a percentage of kills by you in the entire game.
 C = Kills by friends in this place as a percentage of kills by friends in the entire game.
 D = Other kills in this place as a percentage of other kills in the entire game.
 E = Experience gained in this place as a percentage of experience gained in the entire game.
 F = Experience gained in this place divided by the number of levels of this place that you have seen.
                   A       B       C       D       E      F
               +-------+-------+-------+-------+-------+----------------------
         Total | 100.0 | 100.0 |   N/A |   N/A | 100.0 | 102.0
       Dungeon | 100.0 | 100.0 |   N/A |   N/A | 100.0 | 102.0
               +-------+-------+-------+-------+-------+----------------------

Table legend: (Time is in decaauts)
 A = Elapsed time spent in this place.
 B = Non-inter-level travel time spent in this place.
 C = Inter-level travel time spent in this place.
 D = Time resting spent in this place.
 E = Time spent auto-exploring this place.
 F = Levels seen in this place.
 G = Mean time per level.
                   A        B        C        D        E       F      G
               +--------+--------+--------+--------+--------+-----+--------+
         Total |   2330 |   2209 |    121 |    122 |   1670 |   4 |  582.5 |
       Dungeon |   2330 |   2209 |    121 |    122 |   1670 |   4 |  582.5 |
               +--------+--------+--------+--------+--------+-----+--------+

Top non-repeatable levels by time:
     D:1: 792 daAuts
     D:2: 702 daAuts
     D:3: 631 daAuts
     D:4: 203 daAuts
